 Dungeon Crawl Stone Soup version 0.20-a0-1121-gbb42413 (webtiles) character file.

237775 Mesmaeker13 the Dealer of Despair (level 20, -2/151 HPs)
             Began as a Human Necromancer on May 10, 2017.
             Was an Elder of Kikubaaqudgha.
             Slain by a vault warden
             ... wielding a +3 war axe of holy wrath
              (32 damage)
             ... on level 1 of the Vaults.
             The game lasted 04:00:47 (54293 turns).

Mesmaeker13 the Dealer of Despair (HuNe)           Turns: 54293, Time: 04:00:48

Health: -2/151     AC:  9    Str: 12    XL:     20   Next: 1%
Magic:  3/30       EV: 20    Int: 30    God:    Kikubaaqudgha [****..]
Gold:   703        SH:  7    Dex: 21    Spells: 2/33 levels left

rFire    + . .     SeeInvis +   N - +8 mace of Lupegat {pain, rC++ Int+2}
rCold    + + .     Gourm    +   m - +2 buckler
rNeg     . . .     Faith    .   f - +2 robe {MR+}
rPois    +         Spirit   .   l - +0 helmet
rElec    +         Reflect  .   j - +0 cloak
rCorr    .         Harm     .   F - +1 pair of gloves of Irosa {rF+ Int+6 Dex+2}
MR       ++...                  Z - +0 pair of boots
Stlth    ++........             U - amulet of the gourmand
Regen    1.8/turn               r - ring of Rutotaq {rElec rPois Str-2 Int+2 Dex+4}
MPRegen  0.3/turn               h - ring of see invisible

@: very slightly contaminated, regenerating, very heavily drained
A: sense surroundings 1, regeneration 1, strong 1
}: 2/15 runes: serpentine, barnacled
a: Receive Corpses, Renounce Religion


You were on level 1 of the Vaults.
You worshipped Kikubaaqudgha.
Kikubaaqudgha was greatly pleased with you.
You were very full.

You visited 8 branches of the dungeon, and saw 35 of its levels.
You also visited: Sewer.

You collected 3367 gold pieces.
You spent 2664 gold pieces at shops.

Inventory:

Hand Weapons
 y - a +7 lajatang of pain
 N - the +8 mace of Lupegat (weapon) {pain, rC++ Int+2}
   (You found it on level 8 of the Dungeon)

   In the hands of one skilled in necromantic magic, it inflicts extra damage on
   living creatures.
   It affects your intelligence (+2).
   It greatly protects you from cold.
Armour
 f - a +2 robe of magic resistance (worn)
 j - a +0 cloak (worn)
 l - a +0 helmet (worn)
 m - a +2 buckler (worn)
 F - the +1 pair of gloves of Irosa (worn) {rF+ Int+6 Dex+2}
   (You acquired it on level 6 of the Lair of Beasts)

   It affects your intelligence (+6).
   It affects your dexterity (+2).
   It protects you from fire.
 Z - a +0 pair of boots (worn)
Jewellery
 b - an uncursed ring of stealth
 h - a ring of see invisible (right hand)
 r - the ring of Rutotaq (left hand) {rElec rPois Str-2 Int+2 Dex+4}
   (You acquired it on level 1 of the Lair of Beasts)

   [ring of dexterity]

   It affects your strength (-2).
   It affects your intelligence (+2).
   It affects your dexterity (+4).
   It insulates you from electricity.
   It protects you from poison.
 D - an uncursed ring of magical power
 P - an uncursed ring of protection from cold
 U - an amulet of the gourmand (around neck)
Wands
 c - a wand of scattershot (7/9)
 e - a wand of digging (3/24)
Scrolls
 a - 2 scrolls of fear {unknown}
 i - 13 scrolls of remove curse
 k - 5 scrolls of teleportation
 n - 2 scrolls of summoning {unknown}
 t - 10 scrolls of fog
 v - 2 scrolls of random uselessness {unknown}
 B - 2 scrolls of immolation
 K - a scroll of brand weapon {unknown}
 M - 2 scrolls of magic mapping
 Y - a scroll of recharging
Potions
 o - 5 potions of brilliance
 p - 3 potions of might
 q - 7 potions of flight
 z - 2 potions of cancellation
 I - 6 potions of agility
 J - 3 potions of haste
 T - 3 potions of mutation
 W - a potion of resistance
 X - 2 potions of lignification
Books
 s - a book of Debilitation

   Spells                             Type                      Level
   a - Corona                         Hexes                        1
   b - Slow                           Hexes                        2
   c - Inner Flame                    Hexes/Fire                   3
   d - Portal Projectile              Hexes/Translocation          3
   e - Cause Fear                     Hexes                        4
   f - Leda's Liquefaction            Hexes/Earth                  4
 u - a book of Fire

   Spells                             Type                      Level
   a - Ignite Poison                  Fire/Transmutation/Poison    3
   b - Fireball                       Conjuration/Fire             5
   c - Bolt of Fire                   Conjuration/Fire             6
   d - Ring of Flames                 Charms/Fire                  7
   e - Ignition                       Fire                         8
Miscellaneous
 A - a fan of gales
 V - a lightning rod (4/4)
Comestibles
 C - 5 meat rations
 E - 4 bread rations
 G - 4 fruits
 H - 3 royal jellies


   Skills:
 - Level 11.5(7.8) Fighting
   Level 3.9(0.8) Short Blades
 - Level 14.1(10.1) Maces & Flails
 - Level 5.7(2.5) Armour
 + Level 14.0(10.0) Dodging
 - Level 2.0(0.0) Stealth
 - Level 5.1(2.0) Shields
 - Level 7.0(3.7) Spellcasting
 + Level 9.6(6.0) Conjurations
 - Level 4.2(1.1) Charms
 + Level 17.4(13.1) Necromancy
 - Level 11.1(7.4) Ice Magic


You had 2 spell levels left.
You knew the following spells:

 Your Spells              Type           Power        Failure   Level  Hunger
a - Simulacrum            Ice/Necr       ######....   19%         6    #######
b - Vampiric Draining     Necr           ######....   1%          3    ##.....
c - Animate Dead          Necr           N/A          1%          4    ####...
d - Dispel Undead         Necr           ######..     1%          5    #####..
e - Ozocubu's Armour      Chrm/Ice       ####....     4%          3    ##.....
f - Corpse Rot            Necr           N/A          1%          2    None
g - Regeneration          Chrm/Necr      #####.....   1%          3    ##.....
h - Bolt of Draining      Conj/Necr      ######....   4%          5    #####..


Dungeon Overview and Level Annotations

Branches:
Dungeon (15/15)            Temple (1/1) D:4            Lair (6/6) D:10
 Shoals (4/4) Lair:3        Snake (4/4) Lair:3        Slime (0/5) Lair:6
    Orc (2/2) D:11            Elf (2/3) Orc:2        Vaults (1/5) D:13
 Depths (0/5) D:15

Altars:
Ashenzari
Cheibriados
Dithmenos
Elyvilon
Fedhas
Gozag
Hepliaklqana
Kikubaaqudgha
Makhleb
Nemelex Xobeh
Okawaru
Qazlal
Ru
Sif Muna
Trog
Uskayaw
Vehumet
Wu Jian
Xom
Yredelemnul
Zin
The Shining One
Jiyva

Shops:
D:8 *   Orc:2 %[*:   Elf:2 (   Shoals:2 %   Snake:2 *

Portals:
Hell: Lair:6
Trove: Elf:1 (give 5 scrolls of blinking)

Annotations:
D:14 exclusion: Roxanne, Roxanne


Innate Abilities, Weirdness & Mutations

You passively map a small area around you.
Your natural rate of healing is unusually fast.
Your muscles are strong. (Str +2)


Message History

Aiming: Vampiric Draining
Press: ? - help, Shift-Dir - straight line, f/p - vault warden
Aim: a vault warden, wielding a war axe of holy wrath and wearing a chain mail (severely wounded, lightly drained)
The vault warden is almost dead.
You feel life coursing into your body.
The vault warden hits you with a war axe of holy wrath!!
* * * LOW HITPOINT WARNING * * *
Casting: Vampiric Draining
Confirm with . or Enter, or press ? or * to list all spells.
You don't have enough magic to cast that spell.
Unknown command.
Casting: Vampiric Draining
Confirm with . or Enter, or press ? or * to list all spells.
You don't have enough magic to cast that spell.
Unknown command.
You hit the vault warden.
The vault warden writhes in agony.
The vault warden is almost dead.
The vault warden hits you with a war axe of holy wrath!!
You die...
Kikubaaqudgha rasps: "You have failed me!
Welcome... death!"

...#..#.#
#......#
######'##
#......#
...'..#.#
#......#
#########
#....(.#
#......#
#..(...#
** *
#((....# ,
,, ,
#......# ,
#.@(...#
,, *
##p#####*
, *
#cc......
*
#cc......
*
#........*
#........
#......!.
#........*
#........


You could see a vault warden and 4 yaktaurs.

Vanquished Creatures
  Agnes (Elf:1)
  Kirke (Shoals:1)
  3 nagarajas (Snake:4)
  A vault warden (Vaults:1)
  2 orc warlords (Orc:1)
  An ettin (D:15)
  2 merfolk javelineers
  2 merfolk impalers
  3 ogre magi
  A yaktaur captain (Vaults:1)
  A vault guard (D:13)
  A hydra (Lair:6)
  4 centaur warriors
  A catoblepas (Lair:5)
  Erica (D:9)
  7 naga warriors
  14 anacondas
  A merfolk avatar (Shoals:4)
  An alligator snapping turtle (Shoals:4)
  2 satyrs
  10 two-headed ogres
  7 dancing weapons (Elf:1)
  2 merfolk aquamancers (Shoals:4)
  8 death yaks
  A tengu warrior (D:15)
  3 shock serpents
  2 orc high priests (Orc:2)
  Urug (D:15)
  5 deep elf knights (Elf:1)
  A fire crab (shapeshifter) (D:14)
  9 naga sharpshooters
  A salamander mystic (Snake:4)
  A hell knight (D:15)
  3 skeletal warriors (D:14)
  An unseen horror (Vaults:1)
  2 naga ritualists
  6 deep elf archers (Elf:1)
  8 sea snakes
  A wizard (D:14)
  A lindwurm (Lair:6)
  12 mana vipers
  24 deep elf magi
  13 harpies
  An ugly thing (D:13)
  3 cyclopes
  13 fauns
  2 orc knights (D:14)
  5 orc sorcerers
  9 salamanders
  Maurice (D:9)
  2 elephants (Lair:6)
  4 manticores
  4 merfolk sirens
  An elephant (shapeshifter) (D:14)
  A guardian serpent (Snake:3)
  Joseph (D:9)
  40 black mambas
  19 naga magi
  3 orange demons (Lair:6)
  A gargoyle (D:14)
  3 water nymphs
  11 spiny frogs
  A yaktaur (Vaults:1)
  3 rime drakes
  2 freezing wraiths
  3 komodo dragons
  A tengu conjurer (D:11)
  A harpy zombie (Shoals:1)
  A meliai (D:14)
  2 trolls
  15 merfolk
  2 hornets
  12 hippogriffs
  7 snapping turtles
  4 dream sheep
  12 blink frogs
  An air elemental (Elf:1)
  Sigmund (D:3)
  A shadow (D:11)
  32 yaks
  7 water elementals
  4 basilisks
  A vampire (D:13)
  3 hogs (Shoals:1)
  A fire elemental (D:12)
  9 steam dragons
  3 wyverns
  6 wargs
  27 nagas
  6 water moccasins
  7 porcupines
  Duvessa (D:4)
  4 hell hounds
  37 orc warriors
  3 black bears
  3 ice beasts
  4 phantoms
  2 sky beasts
  An eye of draining (D:11)
  A necrophage (D:12)
  7 wolves
  A slave (D:5)
  9 ogres
  18 centaurs
  7 crocodiles
  4 big kobolds
  11 bullfrogs
  An earth elemental (Elf:1)
  A gnoll sergeant (D:8)
  Dowan (D:4)
  A wyvern skeleton (D:14)
  4 scorpions
  A scorpion (shapeshifter) (D:14)
  11 killer bees
  A vampire bat (D:5)
  A wight (D:8)
  4 howler monkeys
  An electric eel (D:11)
  9 crimson imps
  2 centaur zombies
  A bullfrog zombie (D:12)
  6 hounds
  6 jellies
  23 orc priests
  3 bullfrog skeletons
  5 centaur skeletons
  21 orc wizards
  4 iguanas
  7 worker ants
  2 hound zombies
  A hound skeleton (D:10)
  2 worker ant zombies
  9 gnolls
  12 adders
  3 shadow imps
  3 oozes
  An adder zombie (D:6)
  5 worms
  2 dart slugs
  6 leopard geckos
  69 orcs
  7 giant cockroaches
  10 goblins
  7 hobgoblins
  20 jackals
  21 kobolds
  5 quokkas
  6 ball pythons
  22 bats
  5 frilled lizards
  2 jackal zombies (D:6)
  A quokka skeleton (D:6)
  10 rats
929 creatures vanquished.

Vanquished Creatures (collateral kills)
  6 nagarajas
  Ilsuiw (Shoals:4)
  Aizul (Shoals:3)
  A stone giant (Orc:1)
  Azrael (D:12)
  Snorg (Lair:5)
  5 merfolk impalers
  3 merfolk javelineers (Shoals:4)
  6 naga warriors
  3 hydras
  An ice dragon (D:13)
  A catoblepas (Lair:6)
  4 merfolk avatars
  A centaur warrior (D:11)
  4 anacondas
  2 two-headed ogres
  5 merfolk aquamancers
  5 satyrs
  A tengu warrior (D:14)
  3 death yaks (Lair:6)
  5 naga sharpshooters
  6 shock serpents
  A sun demon (Lair:6)
  A salamander mystic (Snake:2)
  A skeletal warrior (D:14)
  4 sea snakes
  5 naga ritualists
  A wizard (Lair:6)
  9 harpies
  A deep elf mage (Elf:1)
  Pikel (D:5)
  13 fauns
  A wolf spider zombie (D:15)
  3 salamanders
  3 mana vipers (Snake:1)
  2 orc sorcerers (Orc:2)
  6 manticores
  3 cyclopes
  2 elephants (Lair:6)
  3 guardian serpents
  A centaur zombie (D:14)
  6 merfolk sirens
  A torpor snail (Lair:6)
  A smoke demon (Lair:6)
  10 black mambas
  2 ice statues (Shoals:3)
  3 water nymphs
  11 naga magi
  2 gargoyles (D:13)
  4 spiny frogs
  An orange demon (Lair:6)
  2 rime drakes
  3 komodo dragons
  2 ice devils (Lair:6)
  3 harpy zombies (Shoals:1)
  15 merfolk
  2 trolls (D:12)
  2 meliai (D:14)
  A polar bear (Lair:2)
  A wind drake (Shoals:4)
  6 blink frogs
  8 hippogriffs
  3 dream sheep
  5 snapping turtles
  A vampire (D:11)
  A wyvern (Lair:5)
  3 basilisks
  8 yaks
  2 water elementals
  3 fire elementals (D:12)
  A hungry ghost (D:10)
  16 nagas
  A soldier ant (D:13)
  An acid dragon (Lair:3)
  2 porcupines
  3 water moccasins (Lair:1)
  2 hell hounds
  A sky beast (D:10)
  3 slaves (D:5)
  An ice beast (D:13)
  2 orc warriors
  A phantom (D:6)
  3 ogres
  2 wolves (Lair:5)
  4 centaurs
  2 crocodiles (Lair:6)
  A hippogriff zombie (Shoals:1)
  A wyvern zombie (D:9)
  2 bullfrogs
  3 scorpions
  3 killer bees
  2 wights (D:8)
  A vampire bat (D:5)
  2 crimson imps (D:13)
  7 orc wizards
  A jelly (D:5)
  A hound (D:12)
  3 bullfrog skeletons
  An iguana (D:10)
  A hound zombie (D:5)
  A howler monkey zombie (D:5)
  An adder (D:5)
  3 shadow imps
  A leopard gecko (D:10)
  11 orcs
  2 bats (D:5)
  A kobold (D:10)
  3 fungi
  20 plants
356 creatures vanquished.

Vanquished Creatures (others)
  A deep elf mage (Elf:1)
  A faun (Shoals:4)
  A naga mage (Snake:1)
  A rime drake (Lair:3)
  4 yaks (Lair:6)
  A human (Shoals:1)
  A naga (Snake:3)
  An orc wizard (Orc:2)
  6 fungi
  58 plants
75 creatures vanquished.

Grand Total: 1360 creatures vanquished

Notes
Turn   | Place    | Note
-------+----------+-------------------------------------------
     0 | D:1      | Mesmaeker13 the Human Necromancer began the quest for the Orb.
     0 | D:1      | Reached XP level 1. HP: 13/13 MP: 3/3
   424 | D:1      | Reached XP level 2. HP: 8/19 MP: 0/5
  1104 | D:1      | Reached XP level 3. HP: 23/24 MP: 3/6
  1680 | D:2      | Learned a level 3 spell: Vampiric Draining
  1859 | D:2      | Reached XP level 4. HP: 18/30 MP: 2/7
  2529 | D:2      | Reached skill level 5 in Necromancy
  2530 | D:2      | Found an iron altar of Okawaru.
  2834 | D:2      | Reached XP level 5. HP: 35/35 MP: 8/8
  3352 | D:3      | Noticed Sigmund
  3453 | D:3      | Found a glowing drain.
  3485 | Sewer    | Entered a sewer
  3545 | Sewer    | Noticed a big kobold
  3561 | Sewer    | Killed a big kobold
  3561 | Sewer    | Reached skill level 1 in Shields
  3561 | Sewer    | Reached XP level 6. HP: 38/41 MP: 6/9
  4028 | Sewer    | Learned a level 4 spell: Animate Dead
  4351 | D:3      | Reached XP level 7. HP: 46/46 MP: 8/10
  4357 | D:3      | Killed Sigmund
  4357 | D:3      | Reached skill level 5 in Dodging
  4357 | D:3      | Reached skill level 6 in Necromancy
  5110 | D:4      | Learned a level 1 spell: Animate Skeleton
  5177 | D:4      | Found a staircase to the Ecumenical Temple.
  5184 | Temple   | Entered the Ecumenical Temple
  5276 | Temple   | Became a worshipper of Kikubaaqudgha
  5466 | D:4      | Found a sacrificial altar of Ru.
  5472 | D:4      | Noticed Duvessa
  5472 | D:4      | Noticed Dowan
  5831 | D:4      | Found a shimmering altar of Xom.
  5832 | D:4      | Found a hazy altar of Hepliaklqana.
  5832 | D:4      | Noticed a Killer Klown
  5833 | D:4      | Noticed a spectral ugly thing
  5833 | D:4      | Noticed a Killer Klown
  6138 | D:5      | Entered Level 5 of the Dungeon
  6362 | D:5      | Reached XP level 8. HP: 50/52 MP: 11/11
  6637 | D:4      | Killed Duvessa
  6659 | D:4      | Killed Dowan
  7069 | D:3      | Reached skill level 7 in Necromancy
  7372 | D:5      | Reached * piety under Kikubaaqudgha
  7372 | D:5      | Identified Kikubaaqudgha's Almanac of Darkness (Kikubaaqudgha gifted it to you on level 5 of the Dungeon)
  7372 | D:5      | Received a gift from Kikubaaqudgha
  7485 | D:5      | Reached skill level 5 in Shields
  7504 | D:5      | Noticed Pikel
  7866 | D:5      | Killed Pikel
  7866 | D:5      | Reached XP level 9. HP: 41/57 MP: 7/13
  7890 | D:5      | Learned a level 4 spell: Control Undead
  8587 | D:6      | Found a bloodstained altar of Trog.
  8892 | D:6      | Reached skill level 8 in Necromancy
  9268 | D:6      | Found a snail-covered altar of Cheibriados.
  9585 | D:7      | Learned a level 2 spell: Corpse Rot
 10126 | D:7      | Found a hide-covered altar of Uskayaw.
 10285 | D:7      | Reached skill level 1 in Short Blades
 10676 | D:8      | Found Beotsep's General Store.
 10688 | D:8      | Bought a scroll of identify for 24 gold pieces
 10890 | D:8      | Reached XP level 10. HP: 23/63 MP: 9/16
 10920 | D:7      | Learned a level 3 spell: Regeneration
 11321 | D:7      | Noticed a centaur warrior
 11865 | D:8      | Noticed a two-headed ogre
 11945 | D:8      | HP: 2/63 [two-headed ogre/giant club (15)]
 12295 | D:7      | Reached skill level 1 in Charms
 12439 | D:8      | Reached skill level 5 in Spellcasting
 12525 | D:8      | Found a radiant altar of Vehumet.
 12531 | D:8      | Got a scorched mace
 12895 | D:8      | Reached skill level 9 in Necromancy
 13044 | D:8      | Killed a two-headed ogre
 13073 | D:9      | Noticed Joseph
 13080 | D:9      | Identified the +8 mace of Lupegat {pain, rC++ Int+2} (You found it on level 8 of the Dungeon)
 13115 | D:9      | Killed Joseph
 13362 | D:9      | Found a shadowy altar of Dithmenos.
 13451 | D:9      | Noticed Erica
 13468 | D:9      | Killed Erica
 13476 | D:9      | Reached XP level 11. HP: 19/68 MP: 12/19
 13755 | D:9      | Noticed Maurice
 13921 | D:9      | Killed Maurice
 14223 | D:10     | Entered Level 10 of the Dungeon
 14244 | D:10     | Reached skill level 1 in Maces & Flails
 14317 | D:10     | Reached skill level 10 in Necromancy
 14546 | D:10     | Found a staircase to the Lair.
 14812 | D:10     | Noticed a two-headed ogre
 14821 | D:10     | Killed a two-headed ogre
 14847 | D:10     | Reached ** piety under Kikubaaqudgha
 15305 | Lair:1   | Entered Level 1 of the Lair of Beasts
 15679 | Lair:1   | Reached skill level 10 in Dodging
 15808 | Lair:1   | Reached skill level 1 in Fighting
 15813 | Lair:1   | Reached skill level 5 in Maces & Flails
 15918 | Lair:1   | Reached skill level 11 in Necromancy
 15940 | Lair:1   | Reached XP level 12. HP: 65/78 MP: 11/20
 17238 | Lair:2   | Reached *** piety under Kikubaaqudgha
 17238 | Lair:2   | Identified Kikubaaqudgha's Incunabulum of Necromancy (Kikubaaqudgha gifted it to you on level 2 of the Lair of Beasts)
 17238 | Lair:2   | Received a gift from Kikubaaqudgha
 17777 | Lair:2   | Reached skill level 5 in Fighting
 18360 | Lair:3   | Found a staircase to the Shoals.
 18634 | Lair:3   | Reached skill level 12 in Necromancy
 18830 | Lair:3   | Reached XP level 13. HP: 56/93 MP: 21/21
 18981 | Lair:3   | Found a staircase to the Snake Pit.
 19137 | Lair:3   | Noticed a seven-headed hydra
 19143 | Lair:3   | Killed a seven-headed hydra
 19805 | Lair:4   | Reached **** piety under Kikubaaqudgha
 20515 | Lair:5   | Noticed Snorg
 20530 | Lair:5   | Killed Snorg
 21022 | Lair:5   | Noticed an eight-headed hydra
 21032 | Lair:5   | Killed an eight-headed hydra
 21170 | Lair:5   | Reached skill level 13 in Necromancy
 21391 | Lair:5   | Noticed a catoblepas
 21401 | Lair:5   | Killed a catoblepas
 21595 | Lair:6   | Entered Level 6 of the Lair of Beasts
 21603 | Lair:6   | Learned a level 6 spell: Simulacrum
 21755 | Lair:6   | Noticed a catoblepas
 21800 | Lair:6   | Reached skill level 1 in Ice Magic
 21808 | Lair:6   | Killed a catoblepas
 21846 | Lair:6   | Identified a scroll of acquirement
 21849 | Lair:6   | Got a pair of slimy gloves
 21860 | Lair:6   | Identified the +1 pair of gloves of Irosa {rF+ Int+6 Dex+2} (You acquired it on level 6 of the Lair of Beasts)
 21945 | Lair:6   | Reached XP level 14. HP: 106/106 MP: 11/22
 22086 | Lair:6   | Found a viscous altar of Jiyva.
 22087 | Lair:6   | Found a staircase to the Slime Pits.
 22294 | Lair:6   | Reached skill level 10 in Maces & Flails
 23438 | Lair:6   | Found a burning altar of Makhleb.
 23465 | Lair:6   | Found a gateway to Hell.
 23473 | Lair:6   | Got an encrusted scale mail
 23782 | Lair:1   | Identified the +6 scale mail of the Cockroach {rN+} (You found it on level 6 of the Lair of Beasts)
 24538 | D:11     | Found a staircase to the Orcish Mines.
 24817 | Orc:1    | Entered Level 1 of the Orcish Mines
 24984 | Orc:2    | Entered Level 2 of the Orcish Mines
 25225 | Orc:1    | Noticed a stone giant
 25598 | Orc:1    | Killed a stone giant
 25971 | Orc:1    | Noticed an orc warlord
 26029 | Orc:2    | Reached skill level 5 in Ice Magic
 26089 | Orc:2    | Found Sanutuak's Assorted Antiques.
 26089 | Orc:2    | Found Kouphoh's Food Boutique.
 26106 | Orc:2    | Reached skill level 14 in Necromancy
 26139 | Orc:2    | Found Siphom's Antique Armour Boutique.
 26145 | Orc:2    | Found Seguiq's Book Shop.
 26174 | Orc:2    | Bought a scroll of identify for 70 gold pieces
 26176 | Orc:2    | Bought a distressingly furry hat for 252 gold pieces
 26187 | Orc:2    | Identified the -4 hat "Soawnius" {Int+3} (You bought it in a shop on level 2 of the Orcish Mines)
 26477 | Orc:2    | Found a staircase to the Elven Halls.
 26741 | Orc:1    | Noticed an orc warlord
 26742 | Orc:1    | Killed an orc warlord
 26742 | Orc:1    | Reached XP level 15. HP: 71/114 MP: 6/25
 26888 | Orc:1    | Reached ***** piety under Kikubaaqudgha
 27693 | Orc:1    | Gained mutation: You occasionally shout uncontrollably at your foes. [a neqoxec]
 27873 | Orc:1    | Killed an orc warlord
 28233 | D:12     | Reached skill level 1 in Armour
 28379 | D:12     | Noticed Azrael
 28399 | D:12     | Killed Azrael
 28839 | D:13     | Learned a level 5 spell: Dispel Undead
 29112 | D:13     | Reached skill level 10 in Fighting
 29241 | D:13     | Found a gate to the Vaults.
 30521 | Snake:1  | Entered Level 1 of the Snake Pit
 31386 | Orc:2    | Bought a book of Minor Magic for 260 gold pieces
 31386 | Orc:2    | Bought Azufe's Almanac of Doomed Boosts for 856 gold pieces
 31506 | Lair:1   | Learned a level 3 spell: Ozocubu's Armour
 32263 | Snake:1  | Reached XP level 16. HP: 87/122 MP: 11/26
 33118 | Snake:1  | Reached skill level 15 in Necromancy
 34883 | Snake:2  | Found Itwor's General Store.
 34925 | Snake:2  | Bought a potion of mutation for 96 gold pieces
 35531 | Snake:2  | Got a faintly glowing falchion
 36608 | Snake:3  | Noticed a nagaraja
 36627 | Snake:3  | Killed a nagaraja
 36627 | Snake:3  | Reached XP level 17. HP: 75/128 MP: 27/27
 37503 | Snake:4  | Entered Level 4 of the Snake Pit
 38005 | Snake:4  | Identified the +8 falchion "Huru Jeno" {vamp, rN++ Int+7} (You found it on level 2 of the Snake Pit)
 38745 | Snake:4  | HP: 4/128 [nagaraja/poison arrow (19)]
 39228 | Snake:4  | Reached skill level 10 in Ice Magic
 39868 | Shoals:1 | Entered Level 1 of the Shoals
 39908 | Shoals:1 | Noticed Kirke
 39925 | Shoals:1 | Killed Kirke
 39997 | Shoals:1 | Reached skill level 16 in Necromancy
 40967 | Shoals:2 | Found Zoycs's Food Emporium.
 42400 | Orc:2    | Bought a book of Death for 910 gold pieces
 42405 | Orc:2    | Bought a runed ring mail for 196 gold pieces
 42658 | D:14     | Reached skill level 5 in Armour
 42658 | D:14     | Reached XP level 18. HP: 100/134 MP: 20/28
 42999 | D:14     | Noticed Roxanne
 43709 | D:15     | Entered Level 15 of the Dungeon
 44168 | Lair:1   | Learned a level 5 spell: Bolt of Draining
 44417 | D:14     | Reached skill level 1 in Conjurations
 44614 | D:15     | Got a fine rapier
 44773 | D:15     | Found a staircase to the Depths.
 44783 | D:15     | Noticed Urug
 44803 | D:15     | Killed Urug
 45507 | Lair:1   | Identified the +6 rapier "Bierchau" {pierce, rElec rPois rF+ Str+3} (You found it on level 15 of the Dungeon)
 46278 | Snake:4  | Reached skill level 5 in Conjurations
 47469 | Snake:4  | Got a serpentine rune of Zot
 47806 | Lair:1   | Lost mutation: You occasionally shout uncontrollably at your foes. [potion of mutation]
 47806 | Lair:1   | Gained mutation: Your natural rate of healing is unusually fast. [potion of mutation]
 47806 | Lair:1   | Gained mutation: You passively map a small area around you. [potion of mutation]
 47806 | Lair:1   | Gained mutation: Your muscles are strong. (Str +2) [potion of mutation]
 48687 | Shoals:3 | Reached XP level 19. HP: 72/144 MP: 29/29
 48759 | Shoals:4 | Entered Level 4 of the Shoals
 48759 | Shoals:4 | Noticed Aizul
 48775 | Shoals:3 | Killed Aizul
 49475 | Shoals:4 | Noticed Ilsuiw
 49955 | Shoals:4 | Killed Ilsuiw
 50673 | Shoals:4 | Got a barnacled rune of Zot
 50766 | Shoals:4 | Reached skill level 17 in Necromancy
 51223 | Lair:1   | Got a scintillating steel ring
 51225 | Lair:1   | Identified the ring of Rutotaq {rElec rPois Str-2 Int+2 Dex+4} (You acquired it on level 1 of the Lair of Beasts)
 51366 | Elf:1    | Entered Level 1 of the Elven Halls
 51973 | Elf:1    | Noticed Agnes
 52019 | Elf:1    | Killed Agnes
 52414 | Elf:1    | Found a portal to a secret trove of treasure.
 53376 | Elf:2    | Found Ehez Hee's Antique Weapon Shop.
 53442 | Elf:1    | HP: 5/144 [deep elf knight/shard of ice (29)]
 54027 | Vaults:1 | Entered Level 1 of the Vaults
 54207 | Vaults:1 | Reached XP level 20. HP: 105/151 MP: 30/30
 54293 | Vaults:1 | Slain by a vault warden

Vault maps used:
D:1:      dpeg_arrival_leaves_temple_mockup, hangedman_decor_push,
          minmay_pentomino_w2
D:2:      kennysheep_okawaru_gauntlet, first_bread
D:3:      gup_sewer_entry_glass, uniq_sigmund
D:4:      regret_index_temple_of_mockery, minmay_temple_entry_hall,
          nicolae_ru_awakened_eye, uniq_duvessa
D:5:      minmay_guarded_unrand_vampires_tooth, uniq_pikel
D:6:      lemuel_crystal_altar, overflow_temple_1_default,
          kennysheep_opposing_triangles
D:7:      kennysheep_mini
D:8:      kennysheep_mini_moat, serial_shops, shop
D:9:      nicolae_dithmenos_through_a_glass_darkly, uniq_maurice, uniq_erica,
          uniq_joseph
D:10:     lair_entry_dummy
D:11:     erik_orc_2, grunt_tengu_nest
D:12:     kennysheep_small_circle, uniq_azrael
D:13:     david_vaults_4
D:14:     onia_ninara_dug_in_and_dangerous, uniq_roxanne
D:15:     hangedman_depths_entry_civil_slaughter, uniq_urug
Temple:   zaba_magenta_temple
Lair:1:   grunt_megastairs_2
Lair:2:   lemuel_fruit_tree
Lair:3:   minmay_shoals_entry_centaurs, minmay_snake_entry_guardpost_small,
          bobbens_dragon_lair_wall
Lair:5:   uniq_snorg
Lair:6:   evil_forest, dpeg_slime_entry_enclosed_altar
Shoals:1: nicolae_shoals_undead_eyrie, uniq_kirke
Shoals:2: serial_shops, nicolae_shop_crystal
Shoals:3: portal_ice_cave_entry_ice_statue_two
Shoals:4: shoals_end_grunt_garden, shoal_ilsuiw, uniq_aizul
Snake:1:  kennysheep_snake
Snake:2:  serial_shops, nicolae_shop_stone
Snake:4:  snake_pit
Orc:2:    st_orc_mages
Elf:1:    minmay_elf_arrival_summoners, nicolae_trove_entry_crystal,
          minivault_28, uniq_agnes
Elf:2:    serial_shops, nicolae_shop_statue_plus, mu_enter_wizlab_3,
          hex_intersection, minmay_curled_crystal, uniq_louise, uniq_jorgrun
Vaults:1: vaults_mumra_hex, hangedman_vaults_hat, grunt_vaults_hallway_short,
          nicolae_vaults_windows_and_doors_thing,
          ontoclasm_vaults_claustrophobia, nicolae_vaults_disjoint_gnomons,
          grunt_vaults_trifunnel, hangedman_vaults_cutoff,
          vaults_room_fancy_cross, ontoclasm_vaults_idyll, serial_ice_b,
          nicolae_vaults_little_squares_5
Sewer:    kennysheep_pipe_town

Skill      XL: |  1  2  3  4  5  6  7  8  9 10 11 12 13 14 15 16 17 18 19 20 |
---------------+-------------------------------------------------------------+-----
Dodging        | 3 4 5 6 7 8 10 11 12 13 14 | 14.0
Necromancy     | 5 6 7 8 9 11 12 13 14 15 16 17 | 17.4
Shields        | 1 2 3 5 |  5.1
Spellcasting   | 4 5 6 7 |  7.0
Short Blades   | 2 3 |  3.9
Charms         | 3 4 |  4.2
Maces & Flails | 5 7 9 10 11 13 14 | 14.1
Fighting       | 2 5 8 9 10 11 | 11.5
Ice Magic      | 2 5 7 9 10 11 | 11.1
Armour         | 3 5 |  5.7
Conjurations   | 6 9 |  9.6
Stealth        | |  2.0

Action                   |  1- 3 |  4- 6 |  7- 9 | 10-12 | 13-15 | 16-18 | 19-21 || total
-------------------------+-------+-------+-------+-------+-------+-------+-------++-------
Melee: Whip              |    27 |       |   121 |       |       |       |       ||   148
       Spear             |    13 |   117 |   236 |       |       |       |       ||   366
       Dagger            |       |       |    60 |   111 |       |       |       ||   171
       Mace              |       |       |       |   423 |  1056 |  1071 |   548 ||  3098
       Staff             |       |       |       |       |       |     3 |       ||     3
       Rapier            |       |       |       |       |       |    78 |       ||    78
Throw: Throwing net      |     1 |       |       |       |       |       |       ||     1
 Cast: Pain              |    63 |    75 |   196 |    54 |       |       |       ||   388
       Animate Dead      |       |     1 |     9 |    44 |    93 |   136 |    23 ||   306
       Animate Skeleton  |       |       |     1 |       |       |       |       ||     1
       Vampiric Draining |       |       |     2 |    39 |    91 |   106 |     7 ||   245
       Control Undead    |       |       |     3 |     2 |     2 |       |       ||     7
       Corpse Rot        |       |       |     1 |    17 |    28 |    17 |     4 ||    67
       Regeneration      |       |       |       |    26 |    69 |   117 |    30 ||   242
       Dispel Undead     |       |       |       |       |     3 |    11 |     2 ||    16
       Ozocubu's Armour  |       |       |       |       |     1 |    18 |     6 ||    25
       Simulacrum        |       |       |       |       |       |     9 |    12 ||    21
       Bolt of Draining  |       |       |       |       |       |    21 |    43 ||    64
Invok: Receive Corpses   |       |       |     4 |    13 |    27 |    58 |    18 ||   120
       Torment           |       |       |       |       |       |     1 |       ||     1
Evoke: Wand              |       |     3 |    11 |     7 |    14 |    12 |     5 ||    52
  Use: Scroll            |     3 |     2 |     9 |    11 |    15 |    11 |    12 ||    63
       Potion            |       |     4 |     3 |     5 |    16 |     8 |     9 ||    45
 Stab: Sleeping          |       |       |     3 |     5 |     4 |     4 |     1 ||    17
       Distracted        |       |       |       |     6 |    11 |    19 |    10 ||    46
       Invisible         |       |       |       |       |     3 |       |       ||     3
  Eat: Chunk             |     4 |     9 |    20 |    35 |    58 |    58 |    40 ||   224
       Fruit             |       |       |     2 |       |       |       |       ||     2
       Bread ration      |       |       |     1 |     1 |     2 |    11 |       ||    15
       Meat ration       |       |       |     1 |       |       |       |     1 ||     2
       Royal jelly       |       |       |       |       |       |     1 |       ||     1
Armor: Robe              |    22 |    21 |    88 |     1 |    53 |    63 |    39 ||   287
       Steam dragon scal |       |       |       |    67 |       |       |       ||    67
       Leather armour    |       |       |       |    36 |    44 |       |       ||    80
       Scale mail        |       |       |       |       |   120 |    74 |       ||   194
       Ring mail         |       |       |       |       |       |    99 |    51 ||   150
Dodge: Dodged            |    66 |    97 |   294 |   474 |   709 |   807 |   408 ||  2855
Block: Buckler           |       |    28 |   149 |   228 |   358 |   427 |   187 ||  1377
